 Dungeon Crawl Stone Soup version 0.30.1-9-gdf580d7c3d (webtiles) character file.

Game seed: 6908394958601872147

1424 NullDivider the Sneak (level 8, -11/46 HPs)
             Began as an Octopode Venom Mage on Sept 24, 2023.
             Killed from afar by a steam dragon (15 damage)
             ... with a ball of steam
             ... on level 6 of the Dungeon.
             The game lasted 00:34:45 (5600 turns).

NullDivider the Sneak (Octopode Venom Mage)         Turns: 5600, Time: 00:34:46

Health: -11/46     AC:  5    Str:  7    XL:     8   Next: 72%
Magic:  0/14       EV: 15    Int: 18    God:
Gold:   162        SH:  0    Dex: 16    Spells: 4/15 levels left

rFire   . . .        m - +2 dagger (venom)
rCold   . . .        n - orb "Bytwox" {mayhem, Dex+2}
rNeg    + . .        (helmet restricted)
rPois   .            A - amulet of guardian spirit
rElec   .            c - ring of positive energy
rCorr   +            o - +4 ring of protection
SInv    .            q - ring of resist corrosion
Will    .....        (no ring)
Stlth   ++++         (no ring)
HPRegen 0.27/turn    (no ring)
MPRegen 0.14/turn    (no ring)
                     (no ring)

%: mayhem, guardian spirit
@: no status effects
A: almost no armour, amphibious, 8 rings, camouflage 1, gelatinous body 1,
(nimble swimmer 1), tentacles
a: no special abilities


You were on level 6 of the Dungeon.
You visited 1 branch of the dungeon, and saw 6 of its levels.

You collected 252 gold pieces.
You spent 90 gold pieces at shops.

Inventory:

Hand Weapons
 m - a +2 dagger of venom (weapon)
Missiles
 B - 5 silver boomerangs (quivered)
Armour
 n - the orb "Bytwox" (worn) {mayhem, Dex+2}
   (You found it on level 2 of the Dungeon)

   Dex:       It affects your dexterity (+2).
Jewellery
 c - a ring of positive energy (left tentacle)
 o - a +4 ring of protection (right tentacle)
 q - a ring of resist corrosion (on tentacle)
 A - an amulet of guardian spirit (around mantle)
Wands
 u - a wand of charming (7)
Scrolls
 e - a scroll of noise {unknown}
 g - 2 scrolls of blinking
 j - a scroll of fog {unknown}
 l - 2 scrolls of poison {unknown}
 t - a scroll of immolation {unknown}
 w - a scroll of amnesia {unknown}
 x - 2 scrolls of identify {unknown}
 y - 3 scrolls of teleportation {unknown}
Potions
 a - 2 potions of magic
 b - 3 potions of haste {unknown}
 d - 3 potions of brilliance {unknown}
 f - a potion of might {unknown}
 h - 4 potions of curing
 i - a potion of mutation {unknown}
 k - 2 potions of heal wounds
 p - a potion of cancellation {unknown}
 r - 2 potions of resistance {unknown}
 s - a potion of berserk rage {unknown}
 v - a potion of invisibility {unknown}
 z - a potion of attraction {unknown}


   Skills:
 + Level 3.8 Short Blades
 + Level 4.7 Dodging
 + Level 6.7 Stealth
 + Level 4.3 Spellcasting
 + Level 1.6 Necromancy
 - Level 1.0 Transmutations
 - Level 3.2 Air Magic
 + Level 6.3 Poison Magic


You had 4 spell levels left.
You knew the following spells:

 Your Spells              Type           Power      Damage    Failure   Level
a - Sting                 Tmut/Pois      68%        1d6       3%          1
b - Poisonous Vapours     Pois/Air       42%        N/A       3%          2
c - Mephitic Cloud        Conj/Pois/Air  15%        N/A       12%         3
d - Olgreb's Toxic Radia  Pois           26%        N/A       11%         4
e - Necrotise             Necr           36%        1d5       7%          1

Your spell library contained the following spells:

 Spells                   Type           Power      Damage    Failure   Level
 Beastly Appendage        Tmut           14%        N/A       10%         1
 Spider Form              Tmut/Pois      17%        N/A       10%         3
 Sublimation of Blood     Necr           9%         N/A       11%         2
 Apportation              Tloc           6%         N/A       14%         1
 Summon Small Mammal      Summ           12%        N/A       14%         1
 Wereblood                Tmut           7%         N/A       14%         2
 Summon Hydra             Summ           1%         N/A       100%        7
 Borgnjor's Revivificati  Necr           4%         N/A       100%        8
 Necromutation            Tmut/Necr      4%         N/A       100%        8
 Death's Door             Necr           4%         N/A       100%        9


Dungeon Overview and Level Annotations

Branches:
Dungeon (6/15)
 Temple: D:4-7

Altars:
Dithmenos
Hepliaklqana
Vehumet

Shops:
D:2 !   D:4 *

Annotations:
D:5 Menkaure


Innate Abilities, Weirdness & Mutations

You cannot wear most types of armour.
You are amphibious.
You can wear up to eight rings at the same time.
Your skin changes colour to match your surroundings (Stealth+).
Your rubbery body absorbs attacks. (AC +1, EV +1)
((You are camouflaged when in or above water. (Stealth+)))
You have tentacles for arms and can constrict up to eight enemies at once.


Message History

Confirm with . or Enter, or press ? or * to list all spells.
You don't have enough magic to cast this spell.
Aiming: Charm
Press: ? - help, Shift-Dir - straight line, f - steam dragon
Aim: a steam dragon (moderately wounded, poisoned, chance to affect: 49%)
The steam dragon resists with some effort.
You feel better.
Casting: Poisonous Vapours (safe; 3% risk of failure)
Confirm with . or Enter, or press ? or * to list all spells.
Aiming: Poisonous Vapours (safe; 3% risk of failure)
Press: ? - help, Dir - move target, f/p - steam dragon
Aim: a steam dragon (moderately wounded, poisoned) Poisonous vapours surround the steam dragon!
The steam dragon looks even sicker.
The steam dragon breathes steam at you. The ball of steam hits you!
* * * LOW HITPOINT WARNING * * *
Aiming: Charm
Press: ? - help, Shift-Dir - straight line, f/p - steam dragon
Aim: a steam dragon (steam, moderately wounded, very poisoned, chance to affect: 49%)
The steam dragon resists with some effort.
The steam dragon bites you but does no damage.
The steam dragon claws you but does no damage.
You closely miss the steam dragon.
You squeeze the steam dragon, but do no damage.
The steam dragon is heavily wounded.
You are engulfed in a cloud of scalding steam.
* * * LOW HITPOINT WARNING * * *
The steam dragon bites you.
* * * LOW HITPOINT WARNING * * *
The steam dragon misses you.
You hit the steam dragon.
The steam dragon looks as sick as possible!
The steam dragon is heavily wounded.
The steam dragon barely misses you. The steam dragon misses you.
You hit the steam dragon but do no damage.
The steam dragon is severely wounded.
The steam dragon breathes steam at you. The ball of steam hits you!
You die...

######## #######
#§.....# #.....##
#......# #.....+.
#.@....# #.....#.
#.D....# #.....##
#......# #.......
#......# #.......
#......# #.......
#......# #.......
#......# #.......
#......# #.......
#.§..†.#####.......


You could see a steam dragon (extremely poisoned, catching breath).

Vanquished Creatures
  Pikel (D:4)
  Grinder (D:5)
  Edmund (D:5)
  An ice beast (D:5)
  4 scorpions
  2 jellies (D:5)
  2 hounds (D:5)
  Ijyb (D:3)
  A gnoll (D:6)
  10 adders
  A white imp (D:6)
  2 ufetubi (D:5)
  A worm (D:2)
  4 orcs (D:3)
  3 bats
  5 endoplasms
  6 giant cockroaches
  4 goblins
  11 hobgoblins
  2 jackals (D:3)
  4 kobolds
  5 quokkas
  4 ball pythons
  A frilled lizard (D:2)
  3 rats
80 creatures vanquished.

Vanquished Creatures (collateral kills)
  A dart slug (D:2)
  An orc (D:3)
2 creatures vanquished.

Grand Total: 82 creatures vanquished

Notes
Turn   | Place    | Note
-------+----------+-------------------------------------------
     0 | D:1      | NullDivider the Octopode Venom Mage began the quest for the
                  | Orb.
     0 | D:1      | Reached XP level 1. HP: 11/11 MP: 3/3
     6 | D:1      | Noticed a wyvern
     6 | D:1      | Noticed a snapping turtle
     7 | D:1      | Noticed a hog
     7 | D:1      | Noticed a black bear
    62 | D:1      | Found a faded altar of an unknown god.
   440 | D:1      | Reached XP level 2. HP: 17/17 MP: 3/5
   470 | D:1      | Learned a level 2 spell: Poisonous Vapours
  1229 | D:2      | Reached XP level 3. HP: 19/21 MP: 0/6
  1284 | D:2      | Learned a level 3 spell: Mephitic Cloud
  1695 | D:2      | Reached skill level 1 in Air Magic
  1787 | D:2      | Reached XP level 4. HP: 25/27 MP: 7/7
  1890 | D:2      | Identified the orb "Bytwox" {mayhem, Dex+2}
  2018 | D:2      | Found Semuqali's Distillery.
  2026 | D:2      | Bought a potion of degeneration for 10 gold pieces
  2026 | D:2      | Bought a potion of curing for 30 gold pieces
  2026 | D:2      | Bought a potion of heal wounds for 50 gold pieces
  2807 | D:3      | Found a faded altar of an unknown god.
  2807 | D:3      | Found a faded altar of an unknown god.
  2809 | D:3      | Found a hazy altar of Hepliaklqana.
  2927 | D:3      | Identified the +2 scale mail of Duj Xumeirez {Regen+}
  3469 | D:3      | Noticed Ijyb
  3474 | D:3      | Killed Ijyb
  3475 | D:3      | Reached skill level 1 in Short Blades
  3475 | D:3      | Reached XP level 5. HP: 27/31 MP: 7/9
  3873 | D:4      | Noticed a lemure
  3874 | D:4      | Noticed Pikel
  3874 | D:4      | Noticed a lemure
  3875 | D:4      | Noticed a lemure
  3876 | D:4      | Noticed a lemure
  4021 | D:4      | Reached XP level 6. HP: 36/36 MP: 5/10
  4161 | D:4      | Killed Pikel
  4162 | D:4      | Reached skill level 5 in Stealth
  4162 | D:4      | Reached skill level 5 in Poison Magic
  4162 | D:4      | Reached XP level 7. HP: 29/41 MP: 0/12
  4428 | D:4      | Found Alatum's General Store.
  4548 | D:5      | Entered Level 5 of the Dungeon
  4803 | D:5      | Learned a level 4 spell: Olgreb's Toxic Radiance
  4825 | D:5      | Reached XP level 8. HP: 43/46 MP: 8/13
  4955 | D:5      | Found a radiant altar of Vehumet.
  5021 | D:5      | Found a shadowy altar of Dithmenos.
  5056 | D:5      | Noticed Grinder
  5060 | D:5      | Learned a level 1 spell: Necrotise
  5076 | D:5      | Killed Grinder
  5077 | D:5      | Reached skill level 1 in Necromancy
  5201 | D:5      | Noticed Edmund
  5205 | D:5      | Killed Edmund
  5438 | D:5      | Noticed Menkaure
  5600 | D:6      | Killed from afar by a steam dragon

Illustrated notes

Levels and vault maps discovered:
D:1:      onia_arrival_zoo_common, layout_basic,
          hellmonk_ecumenical_altar_lost_god
D:2:      layout_basic, serial_shops, shop, minmay_pentomino_t4
D:3:      layout_basic, nicolae_hepliaklqana_ecumenical_no_more, uniq_ijyb
D:4:      layout_cave_pools, serial_shops, nicolae_lakefront_shop,
          small_statue_intersection, uniq_pikel
D:5:      layout_gridville, nicolae_vehumet_altar_sigil, kennysheep_little_box,
          grunt_qazlal_clouds, roderic_lattice_a, corexii_shack,
          lightli_corner_chamber, uniq_menkaure, uniq_grinder, uniq_edmund
D:6:      layout_gridville, minmay_temple_entry_mist,
          minmay_fractal_squares_diagonal_5

Skill      XL: |  1  2  3  4  5  6  7  8 |
---------------+-------------------------+-----
Stealth        | 3 4 5 6 |  6.7
Poison Magic   | 4 5 6 |  6.3
Air Magic      | 1 2 3 |  3.2
Short Blades   | 1 2 3 |  3.8
Dodging        | 3 4 |  4.7
Spellcasting   | 3 4 |  4.3
Necromancy     | 1 |  1.6
Transmutations | |  1.0

Action                     |  1- 3 |  4- 6 |  7- 9 || total
---------------------------+-------+-------+-------++-------
  Melee: Unarmed           |    36 |       |       ||    36
         Constrict         |    11 |    10 |     5 ||    26
         Tentacles         |     9 |     3 |     7 ||    19
         Dagger            |     4 |    43 |    28 ||    75
   Cast: Sting             |    24 |    18 |     6 ||    48
         Poisonous Vapours |    12 |    27 |    22 ||    61
         Mephitic Cloud    |       |     1 |       ||     1
         Olgreb's Toxic Ra |       |       |     1 ||     1
  Evoke: Wand              |       |       |     2 ||     2
    Use: Scroll            |       |       |     1 ||     1
         Potion            |       |       |     1 ||     1
   Stab: Sleeping          |     4 |    10 |     6 ||    20
 Armour: Skin              |     2 |     5 |     6 ||    13
  Dodge: Dodged            |    24 |    19 |    24 ||    67
